 Dungeon Crawl Stone Soup version 0.31-a0-18-gea43df2a32 (webtiles) character file.

Game seed: 1457281815758017414

46 hadoken the Vexing (level 3, -1/20 HPs)
             Began as a Deep Elf Hexslinger on May 12, 2023.
             Slain by an adder (4 damage)
             ... on level 2 of the Dungeon.
             The game lasted 00:03:08 (975 turns).

hadoken the Vexing (Deep Elf Hexslinger)             Turns: 975, Time: 00:03:10

Health: -1/20      AC:  2    Str:  7    XL:     3   Next: 44%
Magic:  5/7        EV: 13    Int: 17    God:
Gold:   67         SH:  0    Dex: 17    Spells: 1/5 levels left

rFire   . . .        a - +1 sling
rCold   . . .        (no shield)
rNeg    . . .        c - +0 robe
rPois   .            (no helmet)
rElec   .            (no cloak)
rCorr   .            (no gloves)
SInv    .            (no boots)
Will    .....        (no amulet)
Stlth   ++           (no ring)
HPRegen 0.23/turn    (no ring)
MPRegen 0.10/turn

%: no passive effects
@: lethally poisoned (-1 -> -9)
A: no striking features
a: no special abilities


You were on level 2 of the Dungeon.
You visited 1 branch of the dungeon, and saw 2 of its levels.

You collected 67 gold pieces.

Inventory:

Hand Weapons
 a - a +1 sling (weapon)
Armour
 c - a +0 robe (worn)
Scrolls
 b - a scroll of poison
 d - 4 scrolls of teleportation
 g - a scroll of fear {unknown}
 h - a scroll of fog {unknown}
Potions
 e - a potion of heal wounds {unknown}
 f - a potion of resistance
 i - a potion of cancellation {unknown}
 j - a potion of attraction {unknown}


   Skills:
 - Level 0.7 Fighting
 * Level 4.1 Ranged Weapons
 - Level 2.4 Dodging
 - Level 1.5 Spellcasting
 + Level 5.1 Hexes


You had one spell level left.
You knew the following spells:

 Your Spells              Type           Power      Damage    Failure   Level
a - Slow                  Hex            72%        N/A       2%          1
b - Inner Flame           Hex/Fire       9%         N/A       22%         3

Your spell library contained the following spells:

 Spells                   Type           Power      Damage    Failure   Level
 Dazzling Flash           Conj/Hex       18%        N/A       22%         3
 Portal Projectile        Hex/Tloc       18%        N/A       22%         3
 Cause Fear               Hex            9%         N/A       24%         4
 Silence                  Hex/Air        4%         N/A       89%         5
 Agony                    Necr           1%         N/A       99%         5


Dungeon Overview and Level Annotations

Branches:
Dungeon (2/15)

Altars:


Message History

Aim: an adder (chance to affect: 60%)
The adder resists with significant effort.
Casting: Slow (safe; 2% risk of failure)
Confirm with . or Enter, or press ? or * to list all spells.
Aiming: Slow (safe; 2% risk of failure)
Press: ? - help, Shift-Dir - straight line, f/p - adder
Aim: an adder (chance to affect: 60%)
The adder seems to slow down.
An adder is nearby!
The adder is no longer moving slowly.
You shoot a sling bullet.
The sling bullet closely misses the adder.
The adder bites you.
You are poisoned.
The adder poisons you!
You shoot a sling bullet.
The sling bullet barely misses the adder.
You feel sick. The adder misses you. The adder closely misses you.
You shoot a sling bullet.
The sling bullet barely misses the adder.
You feel sick. The adder bites you.
You are more poisoned.
The adder poisons you!
You shoot a sling bullet. The sling bullet misses the adder.
You feel sick. The adder bites you. x2
* * * LOW HITPOINT WARNING * * *
You are lethally poisoned!
The adder poisons you!
You are too injured to fight recklessly!
You are too injured to fight recklessly!
Casting: Slow (safe; 2% risk of failure)
Confirm with . or Enter, or press ? or * to list all spells.
Aiming: Slow (safe; 2% risk of failure)
Press: ? - help, Shift-Dir - straight line, f/p - adder
Aim: an adder (chance to affect: 60%)
The adder resists with significant effort.
* * * LOW HITPOINT WARNING * * *
You feel very sick. The adder bites you.
You die...

#######.###.#######.
#...........# #.#.....###.#
#.#.##### #.#
#.#.#..####.#######.
#.#....#............
#.####.#.##.########
.########(.......##.#######
..............S@.......>..#
.#####.........########.#.#####
#.######..# #.#.....#
#.#....#.)# #.#####.#
#.##.#.#..# #.#####.#
#.#..#.#..# #.......#
#.#).#(#..########.#######
#.#....#............#
#.#..###...#######..#


You could see an adder.

Vanquished Creatures
  A gnoll (D:1)
  3 bats (D:1)
  2 endoplasms (D:1)
  A giant cockroach (D:2)
  5 goblins
  A hobgoblin (D:1)
  4 jackals (D:1)
  4 ball pythons (D:1)
  4 frilled lizards (D:1)
  3 kobolds (D:1)
  6 rats (D:1)
34 creatures vanquished.

Notes
Turn   | Place    | Note
-------+----------+-------------------------------------------
     0 | D:1      | hadoken the Deep Elf Hexslinger began the quest for the
                  | Orb.
     0 | D:1      | Reached XP level 1. HP: 11/11 MP: 5/5
   177 | D:1      | Reached XP level 2. HP: 12/16 MP: 6/6
   545 | D:1      | Reached XP level 3. HP: 20/20 MP: 7/7
   818 | D:1      | Reached skill level 5 in Hexes
   865 | D:1      | Learned a level 3 spell: Inner Flame
   975 | D:2      | Slain by an adder

Illustrated notes

Levels and vault maps discovered:
D:1:      sevenhm_arrival_forest_fort_large_1, layout_basic, serial_bayou,
          serial_bayou_pond_d, serial_bayou_pond_b, serial_bayou_crossing,
          serial_bayou_pond_d, serial_bayou_pond_a
D:2:      layout_basic, shapermc_ecumenical_altar_mp_urbaneastern

Skill      XL: |  1  2  3 |
---------------+----------+-----
Ranged Weapons | 3 4 |  4.1
Hexes          | 5 |  5.1
Fighting       | |  0.7
Dodging        | |  2.4
Spellcasting   | |  1.5

Action                     || total
---------------------------++-------
   Fire: Sling             ||   103
   Cast: Slow              ||     6
    Use: Scroll            ||     1
 Armour: Robe              ||     9
  Dodge: Dodged            ||    30

Table legend: (Time is in decaauts)
 A = Elapsed time spent in this place.
 B = Non-inter-level travel time spent in this place.
 C = Inter-level travel time spent in this place.
 D = Time resting spent in this place.
 E = Time spent auto-exploring this place.
 F = Levels seen in this place.
 G = Mean time per level.
                   A        B        C        D        E       F      G
               +--------+--------+--------+--------+--------+-----+--------+
         Total |   1022 |    996 |     26 |     81 |    695 |   2 |  511.0 |
       Dungeon |   1022 |    996 |     26 |     81 |    695 |   2 |  511.0 |
               +--------+--------+--------+--------+--------+-----+--------+

Top non-repeatable levels by time:
     D:1: 911 daAuts
     D:2: 111 daAuts
